 Dungeon Sprint DCSS version 0.19-a0-1224-g978f909 (webtiles) character file.

4100000 Deeps the Formicid Barricade (level 26, -97/242 HPs)
             Began as a Formicid Fighter on Aug 24, 2016.
             Was the Champion of Makhleb.
             Annihilated by The Servant
             ... wielding a +9 glaive of flaming
              (132 damage)
             ... in the Dungeon (Sprint VIII: "Arena of Blood").
             The game lasted 00:01:29 (41 turns).

Deeps the Formicid Barricade (Formicid Fighter)       Turns: 41, Time: 00:01:30

Health: -97/242    AC: 13    Str: 33    XL:     26   Next: 46%
Magic:  25/54      EV: 24    Int:  8    God:    Makhleb [******]
Gold:   0          SH: 19    Dex: 10    Spells: 0 memorised, 79 levels left

rFire  . . .     SeeInvis +     l - +∞ Axe of Woe
rCold  . . .     Gourm    .     b - +0 scale mail
rNeg   . . .     Faith    .     c - +0 shield
rPois  .         Spirit   .     (helmet unavailable)
rElec  .         Dismiss  .     (no cloak)
rCorr  .         Reflect  .     (no gloves)
MR     ++...     Harm     .     (no boots)
Stlth  ++++++++..               (no amulet)
                                n - +200 ring of slaying
                                m - +200 ring of slaying

@: no status effects
A: permanent stasis, dig shafts and tunnels, four strong arms, antennae 3
a: Dig, Minor Destruction, Lesser Servant of Makhleb, Major Destruction, Greater
Servant of Makhleb, Renounce Religion


You were in the Dungeon.
You worshipped Makhleb.
Makhleb was exalted by your worship.
You were not hungry.

You visited 1 branch

Inventory:

Hand Weapons
 a - a +0 war axe
 l - the +∞ Axe of Woe (weapon)
   (You found it in the Dungeon)
Armour
 b - a +0 scale mail (worn)
 c - a +0 shield (worn)
Jewellery
 m - a +200 ring of slaying (left hand)
 n - a +200 ring of slaying (right hand)
Scrolls
 k - a scroll of blinking
Potions
 d - a potion of might
 e - a potion of curing
 g - a potion of heal wounds
 h - a potion of haste
 i - 2 potions of magic
 j - a potion of berserk rage
Comestibles
 f - a bread ration


   Skills:
 O Level 27 Fighting
 O Level 27 Axes
 O Level 27 Throwing
 O Level 27 Armour
 O Level 27 Dodging
 O Level 27 Stealth
 O Level 27 Shields
 O Level 27 Unarmed Combat
 O Level 27 Spellcasting
 O Level 27 Invocations


You had 79 spell levels left.
You didn't know any spells.

Dungeon Overview and Level Annotations

Branches:
Dungeon (1/1)

Altars:
Makhleb

Annotations:
D The Servant


Innate Abilities, Weirdness & Mutations

You are under a permanent stasis effect.
You can dig through walls and to a lower floor.
Your four strong arms can wield two-handed weapons with a shield.
You have a pair of large antennae on your head. (SInv)


Message History

You are engulfed in roaring flames.
You hear a shout! x5
The large bag of meat is engulfed in roaring flames.
You block the large bag of meat's attack.
You hear a shout!
You block the bag of meat's attack.
You hear a shout!
The large bag of meat is engulfed in roaring flames.
The large bag of meat hits you with a +9 giant spiked club!!!
* * * LOW HITPOINT WARNING * * *
You hear a shout!
The eight-headed meat hydra calls on the powers of darkness!
The eight-headed meat hydra convulses!
The large bag of meat convulses!
The Servant convulses!
Your body is wracked with pain!
* * * LOW HITPOINT WARNING * * *
The bag of meat convulses! x2; The large bag of meat convulses!
The bag of meat convulses! x2
The Servant hits you from afar with a +9 glaive of flaming!!!!
Ouch! That really hurt!
You die...

......_.))..........
......###)........#.#
.###.O...).###D......
{#......)#...V..... {
#.....))#.........
.......))))V..V{{.
.......§V)))#...
......@C§§)#....#
......oo@##.....#
....o.oC#§.....#O.
......o.#...###Oo.
.#............ o.#
....... ....... .
.#..... ###....
.V..... .... .......
..#


You could see The Servant, an eight-headed meat hydra, 4 destroyers, 2 large
bags of meat, 2 meat berserkers and 5 bags of meat.

Vanquished Creatures
  7 vampire knights (D)
  7 ogres (D)
  23 orcs (D)
  A hill giant (D)
38 creatures vanquished.

Notes
Turn   | Place    | Note
-------+----------+-------------------------------------------
     0 | D        | Deeps the Formicid Fighter began the quest for the Orb.
     0 | D        | Reached XP level 1. HP: 18/18 MP: 1/1
     2 | D        | Noticed a bag of meat
     4 | D        | Noticed a bag of meat
     4 | D        | Noticed a bag of meat
     4 | D        | Became a worshipper of Makhleb the Destroyer
     6 | D        | Noticed a bag of meat
     6 | D        | Killed a bag of meat
     6 | D        | Reached XP level 2. HP: 47/47 MP: 2/2
     6 | D        | Reached XP level 3. HP: 53/53 MP: 3/3
     6 | D        | Reached XP level 4. HP: 60/60 MP: 4/4
     6 | D        | Reached XP level 5. HP: 67/67 MP: 5/5
     6 | D        | Reached XP level 6. HP: 74/74 MP: 6/6
     6 | D        | Reached XP level 7. HP: 80/80 MP: 7/7
     6 | D        | Reached XP level 8. HP: 87/87 MP: 8/8
     6 | D        | Reached XP level 9. HP: 94/94 MP: 9/9
     6 | D        | Reached XP level 10. HP: 101/101 MP: 10/10
     6 | D        | Reached XP level 11. HP: 107/107 MP: 11/11
     6 | D        | Reached XP level 12. HP: 114/114 MP: 12/12
     7 | D        | Noticed a bag of meat
     8 | D        | Killed a bag of meat
     8 | D        | Reached * piety under Makhleb
     8 | D        | Reached skill level 10 in Axes
     8 | D        | Reached XP level 13. HP: 109/127 MP: 13/13
     9 | D        | Noticed a bag of meat
     9 | D        | Noticed a bag of meat
     9 | D        | Killed a bag of meat
     9 | D        | Reached XP level 14. HP: 118/138 MP: 14/14
    10 | D        | Noticed a bag of meat
    10 | D        | Killed a bag of meat
    10 | D        | Reached XP level 15. HP: 128/148 MP: 15/15
    10 | D        | Reached ** piety under Makhleb
    11 | D        | Noticed a meat berserker
    12 | D        | Killed a meat berserker
    12 | D        | Reached XP level 16. HP: 164/164 MP: 16/16
    12 | D        | Reached skill level 15 in Axes
    12 | D        | Reached skill level 27 in Shields
    13 | D        | Noticed a meat berserker
    14 | D        | Reached *** piety under Makhleb
    14 | D        | Reached skill level 27 in Fighting
    14 | D        | Reached skill level 27 in Armour
    14 | D        | Reached XP level 17. HP: 174/174 MP: 17/17
    15 | D        | Noticed a meat berserker
    16 | D        | Killed a meat berserker
    16 | D        | Reached XP level 18. HP: 182/182 MP: 18/18
    16 | D        | Reached **** piety under Makhleb
    16 | D        | Reached skill level 27 in Axes
    16 | D        | Reached skill level 15 in Dodging
    17 | D        | Noticed a destroyer
    19 | D        | Reached XP level 19. HP: 189/189 MP: 19/19
    20 | D        | Noticed a destroyer
    20 | D        | Noticed a meat berserker
    21 | D        | Noticed a destroyer
    21 | D        | Noticed a meat berserker
    22 | D        | Killed a destroyer
    22 | D        | Reached ***** piety under Makhleb
    22 | D        | Reached skill level 27 in Dodging
    22 | D        | Reached XP level 20. HP: 91/197 MP: 20/20
    22 | D        | Killed a destroyer
    22 | D        | Killed a meat berserker
    22 | D        | Reached XP level 21. HP: 204/204 MP: 20/39
    23 | D        | Killed a destroyer
    23 | D        | Killed a meat berserker
    23 | D        | Reached XP level 22. HP: 212/212 MP: 20/44
    24 | D        | Noticed a meat berserker
    24 | D        | Noticed a destroyer
    24 | D        | Noticed a destroyer
    28 | D        | Killed a destroyer
    28 | D        | Reached skill level 27 in Stealth
    28 | D        | Reached XP level 23. HP: 58/219 MP: 21/49
    28 | D        | Killed a destroyer
    28 | D        | Reached ****** piety under Makhleb
    28 | D        | Reached skill level 27 in Invocations
    29 | D        | Reached skill level 27 in Throwing
    29 | D        | Reached XP level 24. HP: 197/227 MP: 21/53
    29 | D        | Reached skill level 27 in Unarmed Combat
    29 | D        | Reached skill level 27 in Spellcasting
    30 | D        | Noticed a destroyer
    31 | D        | Noticed a destroyer
    33 | D        | Reached XP level 25. HP: 234/234 MP: 22/54
    34 | D        | Noticed a destroyer
    34 | D        | Noticed a destroyer
    35 | D        | Noticed The Servant
    36 | D        | Noticed a destroyer
    39 | D        | Killed a destroyer
    40 | D        | Noticed a destroyer
    40 | D        | Killed a destroyer
    40 | D        | Reached XP level 26. HP: 242/242 MP: 24/54
    41 | D        | Noticed a destroyer
    41 | D        | Annihilated by The Servant

Vault maps used:
D:        meatsprint

Skill      XL: |  1  2  3  4  5  6  7  8  9 10 11 12 13 14 15 16 17 18 19 20 21 22 23 24 |
---------------+-------------------------------------------------------------------------+-----
Fighting       | 17 19 21 22 25 27 | 27.0
Axes           | 8 10 11 12 14 19 24 27 | 27.0
Armour         | 17 19 21 22 25 27 | 27.0
Shields        | 18 20 22 23 26 27 | 27.0
Dodging        | 4 8 22 27 | 27.0
Throwing       | 14 18 22 27 | 27.0
Stealth        | 17 23 27 | 27.0
Unarmed Combat | 14 18 22 26 27 | 27.0
Spellcasting   | 14 18 22 26 27 | 27.0
Invocations    | 16 21 25 27 | 27.0

Action                   |  1- 3 |  4- 6 |  7- 9 | 10-12 | 13-15 | 16-18 | 19-21 | 22-24 | 25-27 || total
-------------------------+-------+-------+-------+-------+-------+-------+-------+-------+-------++-------
Melee: Executioner's axe |     1 |       |       |     1 |     3 |     4 |     2 |     4 |     5 ||    20
 Stab: Distracted        |       |       |       |       |       |       |       |       |     1 ||     1
Armor: Scale mail        |       |       |       |       |       |       |       |     1 |       ||     1
Block: Shield            |       |       |       |       |     1 |     1 |     1 |     1 |     2 ||     6
